 Dungeon Crawl Stone Soup version 0.32-a0-841-g4648e6c457 (webtiles) character file.

Game seed: 13000866416733420527

1297 shadizar the Thaumaturge (level 8, -4/50 HPs)
             Began as a Djinni Conjurer on Mar 26, 2024.
             Was an Initiate of Makhleb.
             Slain by an ogre
             ... wielding a +0 giant spiked club
              (34 damage)
             ... on level 6 of the Dungeon.
             The game lasted 00:03:27 (5073 turns).

shadizar the Thaumaturge (Djinni Conjurer)          Turns: 5073, Time: 00:03:28

Health: -4/50      AC:  4    Str:  6    XL:     8   Next: 87%
Gold:   265        EV: 11    Int: 29    God:    Makhleb [......] SH:  0 Dex: 11

rFire   + + .        (no weapon)
rCold   x . .        (no shield)
rNeg    . . .        a - +0 robe
rPois   ∞            h - +0 helmet
rElec   .            u - +0 cloak
rCorr   .            (no gloves)
SInv    .            (boots unavailable)
Will    .....        (no amulet)
Stlth   ++           t - +6 ring of intelligence
HPRegen 0.28/turn    (no ring)
MPRegen 0.00/turn

%: infuse magic (-5 HP)
@: flying
A: sickness immunity, fire resistance 2, cold vulnerability 1, float, innate
caster, HP casting, extra vitality 1
a: Renounce Religion


You were on level 6 of the Dungeon.
You worshipped Makhleb.
Makhleb was noncommittal.
You visited 2 branches of the dungeon, and saw 7 of its levels.

You collected 265 gold pieces.

Inventory:

Armour
 a - a +0 robe (worn)
 h - a +0 helmet (worn)
 u - a +0 cloak (worn)
Jewellery
 i - an amulet of faith
 t - a +6 ring of intelligence (left hand)
 v - a ring of protection from cold
Wands
 m - a wand of polymorph (20)
 w - a wand of quicksilver (9)
Scrolls
 b - 6 scrolls of identify {unknown}
 c - a scroll of fear {unknown}
 g - 2 scrolls of teleportation {unknown}
 j - 3 scrolls of blinking {unknown}
 k - a scroll of amnesia {unknown}
 l - 2 scrolls of immolation {unknown}
 n - 2 scrolls of noise {unknown}
 o - 2 scrolls of enchant weapon {unknown}
 q - a scroll of fog {unknown}
 r - a scroll of torment {unknown}
 s - a scroll of poison {unknown}
 x - a scroll of enchant armour {unknown}
Potions
 d - a potion of haste {unknown}
 e - a potion of curing {unknown}
 f - a potion of lignification {unknown}
 p - 3 potions of ambrosia {unknown}


   Skills:
 - Level 2.1 Dodging
 - Level 1.5 Stealth
 + Level 8.7 Spellcasting
 + Level 8.7 Conjurations
 + Level 8.7 Hexes
 + Level 8.7 Summonings
 + Level 8.7 Necromancy
 + Level 8.7 Translocations
 + Level 8.7 Fire Magic
 + Level 8.7 Ice Magic
 + Level 8.7 Air Magic
 + Level 8.7 Earth Magic
 + Level 8.7 Alchemy


You knew the following spells:

 Your Spells              Type           Power      Damage    Failure   Level
a - Magic Dart            Conj           100%       1d8       1%          1
b - Searing Ray           Conj           100%       2d8       1%          2
c - Fulminant Prism       Conj/Alch      29%        3d14      1%          4
d - Iskenderun's Mystic   Conj/Tloc      59%        2d12      1%          4
e - Necrotise             Necr           100%       1d9       1%          1
f - Ensorcelled Hibernat  Hex/Ice        100%       N/A       1%          2
g - Summon Ice Beast      Ice/Summ       59%        N/A       1%          3
Your spell library was empty.

Dungeon Overview and Level Annotations

Branches:
Dungeon (6/15)             Temple (1/1) D:5

Altars:
Ashenzari
Cheibriados
Dithmenos
Fedhas
Hepliaklqana
Makhleb
Nemelex Xobeh
Okawaru
Qazlal
Trog
Uskayaw
Wu Jian
Xom
Yredelemnul
Zin
The Shining One

Annotations:
D:3 2 runed translucent doors, Crazy Yiuf; Shym's ghost, amateur MfSu


Innate Abilities, Weirdness & Mutations

You are immune to sickness and miasma.
You are immune to poison.
Your flesh is very heat resistant. (rF++)
You are vulnerable to cold. (rC-)
You float through the air rather than walking.
You learn spells naturally, not from books.
Your magical power is your life essence.
You have superior vitality. (+4 MHP)


Message History

The magic dart hits the jelly!
You kill the jelly!
Makhleb accepts your kill.
The kobold brigand throws a curare-tipped dart.
The curare-tipped dart hits you. You resist.
The magic dart hits the kobold but does no damage.
The magic dart hits the kobold!
You kill the kobold!
Makhleb accepts your kill.
Casting: Magic Dart (safe; 1% risk of failure)
Confirm with . or Enter, or press ? or * to list all spells.
You erupt in a blast of force!
The mystic blast hits the kobold brigand.
The kobold brigand is severely wounded.
The kobold brigand is knocked back by the mystic blast.
The kobold brigand slams into the stone wall!
You kill the kobold brigand!
Makhleb accepts your kill.
Unknown command.
Unknown command.
Casting: Iskenderun's Mystic Blast (dangerous; 1% risk of failure)
Confirm with . or Enter, or press ? or * to list all spells.
You erupt in a blast of force!
The mystic blast hits the ogre!
The ogre is heavily wounded.
Unknown command.
Casting: Iskenderun's Mystic Blast (dangerous; 1% risk of failure)
Confirm with . or Enter, or press ? or * to list all spells.
You erupt in a blast of force!
The mystic blast hits the ogre.
The ogre is heavily wounded.
The ogre is knocked back by the mystic blast.
Unknown command.
Unknown command.
Unknown command.
The magic dart hits the ogre but does no damage.
The ogre is heavily wounded.
The magic dart hits the ogre.
The ogre is heavily wounded.
The ogre hits you with a +0 giant spiked club!!
Ouch! That really hurt!
You die...

##... #...... #..#...)
##.#)....
############.#..#.#
###.........#....... .
...........#.#.#)#....
#............@O..#
#.............#...#
#..............#...#
#...................#
####.######.......#..
#.# #.......... #)#
######.###
.######.#############
........)............


You could see an ogre.

Vanquished Creatures
  Edmund (D:4)
  Duvessa (D:4)
  3 ice beasts (D:5)
  An ogre (D:6)
  A phantom (D:5)
  A kobold brigand (D:6)
  2 scorpions (D:5)
  Dowan (D:4)
  A bombardier beetle (D:3)
  A hound (D:6)
  2 jellies
  An orc priest (D:2)
  2 sleepcaps (D:5)
  Jessica (D:2)
  An orc wizard (D:4)
  9 adders
  A dart slug (D:3)
  7 orcs
  5 endoplasms
  8 giant cockroaches
  7 goblins
  5 hobgoblins
  A jackal (D:3)
  7 kobolds
  2 quokkas
  6 ball pythons
  5 bats
  5 frilled lizards
  5 rats
93 creatures vanquished.

Vanquished Creatures (others)
  3 fulminant prisms (D:4)
3 creatures vanquished.

Grand Total: 96 creatures vanquished

Notes
Turn   | Place    | Note
-------+----------+-------------------------------------------
     0 | D:1      | shadizar the Djinni Conjurer began the quest for the Orb.
     0 | D:1      | shadizar set off with the following spells memorised: Magic
                  | Dart, Searing Ray, Fulminant Prism, Iskenderun's Mystic
                  | Blast.
     0 | D:1      | Reached XP level 1. HP: 15/15 MP: 0/0
    68 | D:1      | Reached XP level 2. HP: 16/21 MP: 0/0
   542 | D:2      | Reached XP level 3. HP: 22/25 MP: 0/0
   542 | D:2      | Learned a level 1 spell: Necrotise
   853 | D:2      | Reached XP level 4. HP: 25/31 MP: 0/0
  1104 | D:2      | Noticed Jessica
  1107 | D:2      | Killed Jessica
  1167 | D:2      | Reached skill level 5 in Spellcasting
  1167 | D:2      | Reached skill level 5 in Conjurations
  1167 | D:2      | Reached skill level 5 in Hexes
  1167 | D:2      | Reached skill level 5 in Summonings
  1167 | D:2      | Reached skill level 5 in Necromancy
  1167 | D:2      | Reached skill level 5 in Translocations
  1167 | D:2      | Reached skill level 5 in Fire Magic
  1167 | D:2      | Reached skill level 5 in Ice Magic
  1167 | D:2      | Reached skill level 5 in Air Magic
  1167 | D:2      | Reached skill level 5 in Earth Magic
  1167 | D:2      | Reached skill level 5 in Alchemy
  1167 | D:2      | Reached XP level 5. HP: 26/35 MP: 0/0
  1167 | D:2      | Learned a level 2 spell: Ensorcelled Hibernation
  1708 | D:3      | Found a runed translucent door.
  1717 | D:3      | Noticed a bullfrog
  1719 | D:3      | Noticed Shym's ghost (amateur MfSu)
  1816 | D:3      | Reached XP level 6. HP: 28/40 MP: 0/0
  2088 | D:3      | Found a hazy altar of Hepliaklqana.
  2150 | D:3      | Found a runed translucent door.
  2151 | D:3      | Noticed Crazy Yiuf
  2648 | D:4      | Noticed Edmund
  2658 | D:4      | Killed Edmund
  2697 | D:4      | Reached XP level 7. HP: 19/45 MP: 0/0
  2697 | D:4      | Learned a level 3 spell: Summon Ice Beast
  2854 | D:4      | Found a shimmering altar of Xom.
  2856 | D:4      | Noticed Duvessa
  2864 | D:4      | Killed Dowan
  2865 | D:4      | Killed Duvessa
  2866 | D:4      | Found a broken altar of Ashenzari.
  3137 | D:4      | Found an iron altar of Okawaru.
  3175 | D:5      | Entered Level 5 of the Dungeon
  3494 | D:5      | Reached XP level 8. HP: 39/50 MP: 0/0
  4005 | D:5      | Found a sparkling altar of Nemelex Xobeh.
  4033 | D:5      | Found a staircase to the Ecumenical Temple.
  4684 | Temple   | Entered the Ecumenical Temple
  4690 | Temple   | Became a worshipper of Makhleb the Destroyer
  5073 | D:6      | Slain by an ogre

Illustrated notes

Levels and vault maps discovered:
D:1:      tarquinn_simple_flora_water_d, layout_rooms
D:2:      cheibrodos_pilgrimage, layout_basic, serial_corexii_hall,
          corexii_hall_statues_s, chequers_hall_statues_y, uniq_jessica
D:3:      minmay_skewed_foursquare, layout_basic,
          nicolae_hepliaklqana_hippocampus, ebering_ghost_sewer_d,
          uniq_crazy_yiuf_cottage
D:4:      layout_loops_ring, lemuel_coloured_pillars_altar,
          chequers_temple_overflow_statue_of_worship,
          ebering_dispersal_statue_hall, uniq_edmund, uniq_duvessa
D:5:      layout_basic, mainiacjoe_overflow_tiny_flanked,
          minmay_temple_entry_drinking_statues, minivault_27
D:6:      layout_basic, nicolae_vehumet_altar_sigil,
          mainiacjoe_overflow_cross_hatched, hangedman_decor_opposing
Temple:   compressed_dpeg_triangle_lava_temple

Skill      XL: |  1  2  3  4  5  6  7  8 |
---------------+-------------------------+-----
Spellcasting   | 4 5 6 7 8 |  8.7
Conjurations   | 4 5 6 7 8 |  8.7
Hexes          | 4 5 6 7 8 |  8.7
Summonings     | 4 5 6 7 8 |  8.7
Necromancy     | 4 5 6 7 8 |  8.7
Translocations | 4 5 6 7 8 |  8.7
Fire Magic     | 4 5 6 7 8 |  8.7
Ice Magic      | 4 5 6 7 8 |  8.7
Air Magic      | 4 5 6 7 8 |  8.7
Earth Magic    | 4 5 6 7 8 |  8.7
Alchemy        | 4 5 6 7 8 |  8.7
Dodging        | |  2.1
Stealth        | |  1.5

Action                     |  1- 3 |  4- 6 |  7- 9 || total
---------------------------+-------+-------+-------++-------
   Cast: Magic Dart        |    58 |   105 |    81 ||   244
         Iskenderun's Myst |       |     3 |    22 ||    25
         Fulminant Prism   |       |     2 |     1 ||     3
 Armour: Robe              |     1 |    12 |    11 ||    24
  Dodge: Dodged            |     1 |     9 |     6 ||    16

Table legend: (Time is in decaauts)
 A = Elapsed time spent in this place.
 B = Non-inter-level travel time spent in this place.
 C = Inter-level travel time spent in this place.
 D = Time resting spent in this place.
 E = Time spent auto-exploring this place.
 F = Levels seen in this place.
 G = Mean time per level.
                   A        B        C        D        E       F      G
               +--------+--------+--------+--------+--------+-----+--------+
         Total |   5075 |   4729 |    346 |      0 |   4214 |   7 |  725.0 |
       Dungeon |   5062 |   4717 |    345 |      0 |   4214 |   6 |  843.7 |
        Temple |     12 |     12 |      0 |      0 |      0 |   1 |   12.0 |
               +--------+--------+--------+--------+--------+-----+--------+

Top non-repeatable levels by time:
     D:5: 1546 daAuts
     D:2: 945 daAuts
     D:4: 913 daAuts
     D:3: 887 daAuts
     D:1: 508 daAuts
     D:6: 260 daAuts
  Temple: 12 daAuts
